 Dungeon Crawl Stone Soup version 0.30.1-4-g462c640d31 (webtiles) character file.

Game seed: 9477859402416736646

35797 Peloso the Warrior (level 13, -6/193 HPs)
             Began as a Minotaur Fighter on Aug 19, 2023.
             Was a High Priest of Okawaru.
             Mangled by a green very ugly thing (12 damage)
             ... on level 3 of the Abyss.
             The game lasted 00:29:18 (16097 turns).

Peloso the Warrior (Minotaur Fighter)              Turns: 16097, Time: 00:29:19

Health: -6/193     AC: 22    Str: 22 (23) XL:     13   Next: 49%
Magic:  0/14       EV: 12    Int:  5      God:    Okawaru [*****.]
Gold:   855        SH:  7    Dex: 16 (18) Spells: 12/12 levels left

rFire   + . .        a - +2 scimitar of the Skies Above {vamp, rF+ Str+2}
rCold   + . .        d - +0 buckler
rNeg    . . .        x - +4 chain mail {rPois}
rPois   +            (helmet restricted)
rElec   .            E - +2 cloak {Stlth+}
rCorr   .            O - +0 pair of gloves "Reff" {rPois Dex+3}
SInv    .            (no boots)
Will    .....        f - amulet of guardian spirit Stlth
                     y - +4 ring of protection
HPRegen 0.52/turn    C - ring of protection from cold
MPRegen 0.14/turn

%: random rage (9%), guardian spirit
@: berserking, on fire, glowing, very quick
A: horns 2, retaliatory headbutt, [berserk 2], [deformed body], [deterioration
2], ([teleportitis 2])
a: Renounce Religion, Heroism, Finesse, Duel


You were on level 3 of the Abyss.
You worshipped Okawaru.
Okawaru was extremely pleased with you.
You visited 3 branches of the dungeon, and saw 16 of its levels.
You visited the Abyss 2 times.

You collected 1258 gold pieces.
You spent 403 gold pieces at shops.

Inventory:

Hand Weapons
 a - the +2 scimitar of the Skies Above (weapon) {vamp, rF+ Str+2}
   (You bought it in a shop on level 10 of the Dungeon)

   Str:       It affects your strength (+2).
   rF:        It protects you from fire.
 b - a +3 long sword of electrocution
 c - the +8 lance "Wyrmbane" {slay drac, rPois rF+ rC+ AC+3}
   (You found it on level 7 of the Dungeon)

   AC:        It affects your AC (+3).
   rF:        It protects you from fire.
   rC:        It protects you from cold.
   rPois:     It protects you from poison.
Missiles
 D - a throwing net (quivered)
Armour
 d - a +0 buckler (worn)
 x - a +4 chain mail of poison resistance (worn)
 E - a +2 cloak of stealth (worn)
 O - the +0 pair of gloves "Reff" (worn) {rPois Dex+3}
   (Okawaru gifted it to you on level 1 of the Lair of Beasts)

   Dex:       It affects your dexterity (+3).
   rPois:     It protects you from poison.
Jewellery
 f - an amulet of guardian spirit (around neck)
 y - a +4 ring of protection (left hand)
 C - a ring of protection from cold (right hand)
 M - a ring of see invisible
 N - an amulet of magic regeneration
Wands
 B - a wand of light (14)
 F - a wand of iceblast (11)
 G - a wand of flame (45)
 J - a wand of mindburst (7)
 R - a wand of polymorph (4)
Scrolls
 e - 4 scrolls of blinking
 i - 7 scrolls of identify
 k - 2 scrolls of amnesia
 m - 2 scrolls of teleportation
 o - a scroll of acquirement
 p - 3 scrolls of immolation {unknown}
 r - 5 scrolls of enchant armour {unknown}
 u - a scroll of magic mapping
 H - 2 scrolls of vulnerability {unknown}
 I - 2 scrolls of poison {unknown}
 K - 3 scrolls of noise {unknown}
Potions
 g - a potion of heal wounds
 h - a potion of resistance
 j - 6 potions of might
 l - 4 potions of brilliance
 n - 4 potions of flight
 q - a potion of magic
 s - 3 potions of haste
 t - a potion of ambrosia
 v - a potion of attraction
 w - 2 potions of lignification {unknown}
 z - 4 potions of curing
 A - 2 potions of mutation {unknown}
 L - a potion of berserk rage


   Skills:
 + Level 16.2 Fighting
 + Level 15.4 Long Blades
 + Level 3.5 Polearms
 + Level 14.4 Armour
 + Level 6.6 Dodging
 + Level 1.8 Stealth
 + Level 11.4 Shields
 + Level 2.7 Invocations
 + Level 0.1 Evocations


You had 12 spell levels left.
You didn't know any spells.
Your spell library contained the following spells:

 Spells                   Type           Power      Damage    Failure   Level
 Freeze                   Ice            0%         1d3       94%         1
 Sandblast                Erth           0%         2d4       94%         1
 Blink                    Tloc           0%         N/A       98%         2
 Ensorcelled Hibernation  Hex/Ice        0%         N/A       98%         2
 Lesser Beckoning         Tloc           0%         N/A       98%         2
 Momentum Strike          Conj/Tloc      0%         3d8       98%         2
 Passwall                 Tmut/Erth      0%         N/A       98%         2
 Poisonous Vapours        Pois/Air       0%         N/A       98%         2
 Static Discharge         Conj/Air       0%         2-2/arc   98%         2
 Frozen Ramparts          Ice            0%         1d1       100%        3
 Hailstorm                Conj/Ice       0%         3d3       100%        3
 Ignite Poison            Fire/Tmut/Pois 0%         N/A       100%        3
 Inner Flame              Hex/Fire       0%         N/A       100%        3
 Ozocubu's Armour         Ice            0%         N/A       100%        3
 Spider Form              Tmut/Pois      0%         N/A       100%        3
 Stone Arrow              Conj/Erth      0%         3d7       100%        3
 Swiftness                Air            0%         N/A       100%        3
 Airstrike                Air            0%         2d(0-16)  100%        4
 Anguish                  Hex/Necr       0%         N/A       100%        4
 Petrify                  Tmut/Erth      0%         N/A       100%        4
 Metabolic Englaciation   Hex/Ice        0%         N/A       100%        5
 Statue Form              Tmut/Erth      0%         N/A       100%        6
 Ignition                 Fire           0%         3d3       100%        8
 Summon Lightning Spire   Summ/Air       Unusable   N/A       N/A         4
 Simulacrum               Ice/Necr       Unusable   N/A       N/A         6

Dungeon Overview and Level Annotations

Branches:
Dungeon (12/15)            Temple (1/1) D:4            Lair (3/5) D:9
 Shoals (0/4) Lair:3        Snake (0/4) Lair:2          Orc (0/2) D:11

Altars:
Ashenzari
Cheibriados
Gozag
Hepliaklqana
Kikubaaqudgha
Nemelex Xobeh
Okawaru
Qazlal
Ru
Sif Muna
Uskayaw
Vehumet
Wu Jian
Xom

Shops:
D:4 [   D:10 (


Innate Abilities, Weirdness & Mutations

You have a pair of horns on your head.
You reflexively headbutt those who attack you in melee.
[You have an uncontrollable temper.]
[Armour fits poorly on your strangely shaped body.]
[Your body often deteriorates upon taking damage.]
[((You are often teleported next to monsters.))]


Message History

* * * LOW HITPOINT WARNING * * *
You hold your ground!
The dire elephant trunk-slaps you.
* * * LOW HITPOINT WARNING * * *
The elephant closely misses you. The elephant misses you.
The elephant tramples you!
* * * LOW HITPOINT WARNING * * *
You hold your ground!
The elephant trunk-slaps you but does no damage.
You slice the dire elephant!!
The dire elephant is severely wounded.
You are covered in liquid flames!
* * * LOW HITPOINT WARNING * * *
Unknown command.
You hit the dire elephant but do no damage.
The dire elephant is severely wounded.
You are covered in liquid flames!
The elephant barely misses you.
The elephant trunk-slaps you but does no damage.
The elephant tramples you!
* * * LOW HITPOINT WARNING * * *
You hold your ground!
The elephant trunk-slaps you but does no damage.
You block the dire elephant's attack.
The dire elephant trunk-slaps you but does no damage.
The elephant completely misses you.
The elephant trunk-slaps you but does no damage.
The purple draconian shifter gestures wildly while chanting.
The purple draconian shifter blinks!
Unknown command.
You hit the dire elephant.
The dire elephant is severely wounded.
You are covered in liquid flames!
Unknown command.
You hit the dire elephant but do no damage.
You headbutt the dire elephant!
The dire elephant is almost dead.
You are covered in liquid flames!
* * * LOW HITPOINT WARNING * * *
The green very ugly thing trunk-slaps you!
You die...

# .# . .###...#
###..#. #.#
#..#..##.# ##
#.#..##v.# .#
#.3.#..≈⌠
#'#+#+#.uY.#
+.'.'.'.Y@#
#'#'#+###YY⌠.≈≈#
+.+ #.#.≈≈## #+
##.≈≈## .+ ..≈≈≈
#' ..≈≈≈. +.+
#.≈≈≈≈q φ # #
.≈≈≈.Y +.+


You could see 2 dire elephants, a green very ugly thing, a purple draconian
shifter, 3 elephants, a spatial vortex and a smoke demon.

Vanquished Creatures
  Kirke (D:12)
  A deep elf annihilator (D:12)
  A green death (Abyss:3)
  A catoblepas (Lair:2)
  An ogre mage (D:12)
  3 boulder beetles
  A deep troll earth mage (D:12)
  Urug (Lair:2)
  A skyshark (Lair:2)
  A wizard (D:12)
  4 deep elf pyromancers (D:12)
  A deep elf zephyrmancer (D:12)
  An ugly thing (D:11)
  A cyclops (D:11)
  A manticore (D:11)
  A worldbinder (Abyss:3)
  2 black mambas (Lair:1)
  6 elephants
  Maurice (D:12)
  6 cane toads
  A rime drake (Lair:3)
  7 komodo dragons
  3 kobold demonologists (D:12)
  7 tengu conjurers (D:12)
  A polar bear (Lair:3)
  3 trolls
  A hornet (shapeshifter) (D:10)
  4 dream sheep
  13 blink frogs
  3 wraiths
  18 yaks
  2 wyverns
  2 basilisks
  5 hogs (D:12)
  2 chaos spawn (D:11)
  Menkaure (D:6)
  2 acid dragons
  5 water moccasins
  8 orc warriors
  4 black bears
  2 ogres
  2 sky beasts (D:6)
  8 wolves
  3 centaurs
  2 kobold brigands
  14 bullfrogs
  5 scorpions (D:5)
  A water moccasin zombie (D:5)
  A gnoll sergeant (D:8)
  10 wights
  A water moccasin skeleton (D:5)
  13 killer bees
  4 hounds
  5 bullfrog zombies (D:5)
  A jelly (D:5)
  5 orc priests
  A bullfrog skeleton (D:5)
  An iron imp (Abyss:3)
  A sleepcap (D:5)
  2 scorpion zombies (D:5)
  Terence (D:2)
  5 iguanas
  7 orc wizards
  12 adders
  6 gnolls
  4 white imps
  An ufetubus (D:4)
  4 dart slugs
  50 orcs
  4 bats
  7 endoplasms
  6 giant cockroaches
  8 hobgoblins
  11 jackals
  4 quokkas
  4 ball pythons
  4 frilled lizards
  4 goblins
  15 kobolds
  4 rats (D:2)
371 creatures vanquished.

Notes
Turn   | Place    | Note
-------+----------+-------------------------------------------
     0 | D:1      | Peloso the Minotaur Fighter began the quest for the Orb.
     0 | D:1      | Reached XP level 1. HP: 19/19 MP: 0/0
   106 | D:1      | Reached XP level 2. HP: 27/27 MP: 1/1
   312 | D:1      | Reached skill level 4 in Fighting
   787 | D:2      | Reached XP level 3. HP: 31/31 MP: 2/2
  1230 | D:2      | Reached XP level 4. HP: 38/40 MP: 3/3
  1323 | D:2      | Noticed Terence
  1336 | D:2      | Killed Terence
  1909 | D:3      | Found an opulent altar of Gozag.
  1935 | D:3      | Found a shimmering altar of Xom.
  2169 | D:3      | Reached XP level 5. HP: 47/47 MP: 4/4
  2293 | D:3      | Reached skill level 5 in Fighting
  2700 | D:4      | Found a staircase to the Ecumenical Temple.
  2756 | D:4      | Reached skill level 1 in Dodging
  2783 | Temple   | Entered the Ecumenical Temple
  2791 | Temple   | Became a worshipper of Warmaster Okawaru
  2865 | D:4      | Reached skill level 5 in Armour
  2865 | D:4      | Reached XP level 6. HP: 51/56 MP: 5/5
  2924 | D:4      | Found Qiegroph's Antique Armour Shop.
  2932 | D:4      | Bought a runed chain mail for 187 gold pieces
  3590 | D:4      | Identified the +2 leather armour of Classification {-Cast
                  | rCorr Str+3}
  3603 | D:5      | Entered Level 5 of the Dungeon
  3666 | D:5      | Reached * piety under Okawaru
  3667 | D:5      | Reached skill level 5 in Long Blades
  3679 | D:5      | Reached XP level 7. HP: 49/62 MP: 4/6
  3755 | D:5      | Reached skill level 6 in Fighting
  3777 | D:5      | Reached skill level 5 in Shields
  4047 | D:5      | Reached ** piety under Okawaru
  4161 | D:5      | Reached skill level 7 in Fighting
  4161 | D:5      | Reached XP level 8. HP: 73/73 MP: 7/7
  5058 | D:5      | Reached skill level 8 in Fighting
  5452 | D:6      | Noticed Menkaure
  5458 | D:6      | Killed Menkaure
  5540 | D:6      | Reached *** piety under Okawaru
  5655 | D:6      | Reached XP level 9. HP: 48/72 MP: 5/8
  6018 | D:6      | Found an ornate altar of the Wu Jian Council.
  6125 | D:6      | Reached skill level 9 in Fighting
  7057 | D:7      | Found the +8 lance "Wyrmbane" {slay drac, rPois rF+ rC+
                  | AC+3}
  7263 | D:7      | Found a radiant altar of Vehumet.
  7596 | D:8      | Reached skill level 1 in Invocations
  7808 | D:8      | Reached **** piety under Okawaru
  7861 | D:8      | Reached skill level 1 in Polearms
  8267 | D:8      | Reached skill level 10 in Armour
  8282 | D:8      | Reached skill level 10 in Fighting
  8282 | D:8      | Reached XP level 10. HP: 80/93 MP: 8/10
  8730 | D:9      | Reached skill level 10 in Long Blades
  8868 | D:9      | Found a large runed translucent door.
  8869 | D:9      | Found a large runed translucent door.
  9111 | D:9      | Found a staircase to the Lair.
  9530 | D:9      | Found an ancient bone altar of Kikubaaqudgha.
  9545 | D:9      | Found a hazy altar of Hepliaklqana.
  9587 | D:10     | Entered Level 10 of the Dungeon
  9610 | D:10     | Reached skill level 11 in Fighting
  9620 | D:10     | Reached ***** piety under Okawaru
  9626 | D:10     | Received a gift from Okawaru
  9975 | D:10     | Found Sucvad's Antique Weapon Shoppe.
  9985 | D:10     | Bought a smoking scimitar for 216 gold pieces
  9985 | D:10     | Identified the +2 scimitar of the Skies Above {vamp, rF+
                  | Str+2} (You bought it in a shop on level 10 of the Dungeon)
 10430 | D:11     | Noticed a cyclops
 10437 | D:11     | Killed a cyclops
 10646 | D:11     | Found the +7 mace of Variability {chaos, chaos arc}
 10655 | D:11     | Reached XP level 11. HP: 104/104 MP: 11/11
 10661 | D:11     | Reached skill level 12 in Fighting
 10661 | D:11     | Found a shimmering altar of Xom.
 10723 | D:11     | Noticed a boulder beetle
 10761 | D:11     | Killed a boulder beetle
 11226 | D:11     | Found a staircase to the Orcish Mines.
 11407 | Lair:1   | Entered Level 1 of the Lair of Beasts
 11673 | Lair:1   | Noticed a boulder beetle
 11740 | Lair:1   | Killed a boulder beetle
 11740 | Lair:1   | Identified the +0 pair of gloves "Reff" {rPois Dex+3}
                  | (Okawaru gifted it to you on level 1 of the Lair of Beasts)
 11740 | Lair:1   | Received a gift from Okawaru
 12083 | Lair:1   | Reached skill level 13 in Fighting
 12246 | Lair:1   | Noticed a boulder beetle
 12264 | Lair:1   | Killed a boulder beetle
 12829 | Lair:2   | Found a staircase to the Snake Pit.
 12841 | Lair:2   | Noticed a catoblepas
 12872 | Lair:2   | Killed a catoblepas
 13044 | Lair:2   | Identified the +6 battleaxe of Sinoun {holy, rElec Dex+2}
 13104 | Lair:2   | Reached XP level 12. HP: 116/116 MP: 12/12
 13472 | Lair:2   | Reached skill level 14 in Fighting
 13630 | Lair:2   | Reached skill level 5 in Dodging
 13649 | Lair:2   | Reached skill level 1 in Stealth
 13655 | Lair:2   | Noticed Urug
 13670 | Lair:2   | Killed Urug
 14197 | Lair:3   | Received a gift from Okawaru
 14257 | Lair:3   | Found a staircase to the Shoals.
 14273 | Lair:3   | Reached skill level 15 in Fighting
 14444 | Lair:3   | Reached skill level 10 in Shields
 14972 | D:12     | Noticed Maurice
 14995 | D:12     | Killed Maurice
 15043 | D:12     | Received a gift from Okawaru
 15056 | D:12     | Reached skill level 15 in Long Blades
 15080 | D:12     | Noticed Kirke
 15097 | D:12     | Killed Kirke
 15098 | D:12     | Reached XP level 13. HP: 128/128 MP: 11/13
 15403 | D:12     | Got the Teachings on Contaminants and the Coals
 15418 | D:12     | Found a shimmering blue altar of Sif Muna.
 15441 | D:12     | Reached skill level 16 in Fighting
 15522 | D:12     | Noticed a deep elf annihilator
 15538 | D:12     | Killed a deep elf annihilator
 15539 | D:12     | Paralysed by an ogre mage for 2 turns
 15658 | Abyss:3  | Cast into level 3 of the Abyss (a wizard)
 15715 | Abyss:3  | Noticed a starcursed mass
 15739 | Abyss:3  | Identified a scroll of acquirement
 15757 | Abyss:3  | Found a corrupted altar of Lugonu.
 15788 | D:12     | Escaped the Abyss
 15943 | Abyss:3  | Cast into level 3 of the Abyss (a wizard)
 15972 | Abyss:3  | Noticed a green death
 15984 | Abyss:3  | Killed a green death
 16002 | Abyss:3  | HP: 1/129 [wretched star/lance of force (18)]
 16031 | Abyss:3  | Noticed a starcursed mass
 16087 | Abyss:3  | Noticed a purple draconian shifter
 16088 | Abyss:3  | Noticed a dire elephant
 16090 | Abyss:3  | Noticed a green very ugly thing
 16095 | Abyss:3  | Noticed a dire elephant
 16095 | Abyss:3  | HP: 6/193 [elephant (11)]
 16097 | Abyss:3  | Mangled by a green very ugly thing

Illustrated notes

Levels and vault maps discovered:
D:1:      grunt_arrival_crossed_arrows, layout_loops_ring
D:2:      layout_basic, minmay_hexomino_c4, uniq_terence
D:3:      cheibrodos_helix_gallery, layout_loops_cross,
          mainiacjoe_overflow_brackets, grunt_gozag_breadcrumbs
D:4:      layout_gridville, minmay_temple_entry_mini_moons, serial_shops,
          shop_fountains, minmay_manual_mess
D:5:      layout_layer_cave, serial_undead, serial_undead_e, serial_undead_a,
          serial_undead_b, serial_undead_c, serial_undead_d, serial_undead_d,
          serial_undead_b, serial_undead_d, serial_undead_b, serial_undead_f,
          minmay_fractal_squares_5
D:6:      layout_loops_cross, lemuel_crystal_altar, uniq_menkaure
D:7:      layout_loops_corners, nicolae_vehumet_radiance
D:8:      layout_basic
D:9:      layout_loops_corners, jmf_multi_god_temple2, lair_entry_dummy
D:10:     layout_loops_cross, serial_shops, nicolae_shop_hallway_stairs
D:11:     layout_rooms, hiddenorc1_lemuel, serial_bayou, serial_bayou_pond_c,
          serial_bayou_pond_e, serial_bayou_pond_e, serial_bayou_crossing,
          minmay_guarded_unrand_variability
D:12:     evilmike_library_of_no_secrets, layout_rooms, serial_glass,
          glass_columns_a, glass_columns_a, glass_columns_b, glass_columns_c,
          glass_columns_a, uniq_kirke, uniq_maurice, uniq_azrael, uniq_frances
Temple:   nicolae_temple_bog_church
Lair:1:   layout_loops_ring, beast_lair_carwin_2, infiniplex_staircase_pool_2
Lair:2:   layout_layer_cave, guppyfry_snake_entry_garden, uniq_urug
Lair:3:   layout_misc_corridors, elwin_shoals_entry_rocks,
          infiniplex_staircase_pool
Abyss:3:  base: Lair:3, base: D:11, evilmike_abyss_rune_elephants_shrine,
          hangedman_decor_peaks_small, hangedman_shadowy_showcase, base: Lair:3,
          evilmike_abyss_exit_glass, hangedman_abyss_exit_choices, minivault_13,
          evilmike_abyss_exit_13, evilmike_abyss_exit_16,
          evilmike_abyss_rune_elephants_shrine

Skill      XL: |  1  2  3  4  5  6  7  8  9 10 11 12 13 |
---------------+----------------------------------------+-----
Shields        | 4 5 6 7 8 10 11 | 11.4
Fighting       | 4 5 7 8 10 11 13 15 16 | 16.2
Armour         | 4 5 6 8 10 11 12 13 14 | 14.4
Long Blades    | 3 4 5 6 8 9 11 13 15 | 15.4
Dodging        | 1 2 3 4 6 |  6.6
Invocations    | 1 2 |  2.7
Polearms       | 3 |  3.5
Stealth        | 1 |  1.8
Evocations     | |  0.1

Action                     |  1- 3 |  4- 6 |  7- 9 | 10-12 | 13-15 || total
---------------------------+-------+-------+-------+-------+-------++-------
  Melee: Long sword        |    80 |   160 |   315 |   104 |       ||   659
         Headbutt          |     8 |    23 |    88 |   201 |    36 ||   356
         Lance             |       |       |    72 |    11 |       ||    83
         Scimitar          |       |       |       |   579 |   177 ||   756
 Invoke: Heroism           |       |       |     2 |    10 |     6 ||    18
  Evoke: Wand              |       |       |       |     2 |       ||     2
    Use: Potion            |     1 |     3 |     5 |       |     3 ||    12
         Scroll            |       |     7 |       |       |    10 ||    17
   Stab: Invisible         |       |       |       |     1 |       ||     1
 Armour: Scale mail        |    26 |       |       |       |       ||    26
         Chain mail        |     7 |    87 |   219 |   349 |   141 ||   803
  Dodge: Dodged            |    36 |   102 |   141 |   302 |   102 ||   683
  Block: Buckler           |    19 |    45 |   104 |   234 |    62 ||   464
